 Dungeon Crawl Stone Soup version 0.25-b1-46-gb8a1ec05df (webtiles) character file.

Game seed: 3931050736278883379

60 Kerr0r the Chopper (level 4, -4/40 HPs)
             Began as a Hill Orc Berserker on June 11, 2020.
             Was a Believer of Trog.
             Killed by divine providence
             ... invoked by an orc priest
              (8 damage)
             ... on level 3 of the Dungeon.
             The game lasted 00:06:09 (2276 turns).

Kerr0r the Chopper (Hill Orc Berserker)             Turns: 2276, Time: 00:06:10

Health: -4/40      AC: 11    Str: 20    XL:     4   Next: 4%
Magic:  4/4        EV:  8    Int:  7    God:    Trog [**....]
Gold:   91         SH:  0    Dex: 10    Spells: 3/3 levels left

rFire    . . .     SeeInvis .   a - +0 hand axe
rCold    . . .     Gourm    .   (no shield)
rNeg     . . .     Faith    .   o - +0 chain mail
rPois    .         Spirit   .   (no helmet)
rElec    .         Reflect  .   p - +1 cloak
rCorr    .         Harm     .   (no gloves)
MR       .....                  (no boots)
Stlth    ..........             (no amulet)
HPRegen  0.13/turn              (no ring)
MPRegen  0.09/turn              (no ring)

@: berserk cooldown, slowed, very slow
A: no striking features
a: Berserk, Trog's Hand, Renounce Religion, Convert to Beogh


You were on level 3 of the Dungeon.
You worshipped Trog.
Trog was pleased with you.
You were very hungry.

You visited 1 branch of the dungeon, and saw 3 of its levels.

You collected 91 gold pieces.

Inventory:

Hand Weapons
 a - a +0 hand axe (weapon)
Armour
 b - a +0 animal skin
 o - a +0 chain mail (worn)
 p - a +1 cloak (worn)
Jewellery
 e - an uncursed ring of resist corrosion {unknown}
 m - an uncursed amulet of the acrobat {unknown}
Scrolls
 d - 2 scrolls of identify {unknown}
 h - a scroll of enchant armour {unknown}
 i - a scroll of magic mapping {unknown}
 j - 2 scrolls of remove curse {unknown}
 l - a scroll of fear {unknown}
 n - a scroll of blinking {unknown}
 q - 2 scrolls of enchant weapon {unknown}
 r - a scroll of immolation {unknown}
 t - a scroll of teleportation {unknown}
Potions
 f - a potion of magic {unknown}
 g - a potion of stabbing {unknown}
 k - a potion of flight {unknown}
Comestibles
 c - 5 rations
 s - 7 chunks of flesh


   Skills:
 + Level 4.2 Fighting
 + Level 4.7 Axes
 + Level 3.0 Armour
 + Level 2.1 Dodging


You had 3 spell levels left.
You didn't know any spells.
Your spell library was empty.

Dungeon Overview and Level Annotations

Branches:
Dungeon (3/15)

Altars:


Message History

The orc priest hits you.
* * * LOW HITPOINT WARNING * * *
The orc priest casts a cantrip, but nothing happens.
The orc wizard hits you with a +0 dagger.
* * * LOW HITPOINT WARNING * * *
The orc wizard barely misses you.
You feel the effects of Trog's Hand fading.
The orc wizard casts a spell at you. The magic dart hits you.
* * * LOW HITPOINT WARNING * * *
The orc wizard hits you but does no damage.
The orc wizard closely misses you.
The orc priest hits you but does no damage.
Your skin stops crawling.
You feel less resistant to hostile enchantments.
The orc wizard hits you with a +0 dagger.
* * * LOW HITPOINT WARNING * * *
The orc priest invokes the aid of Beogh against you.
Beogh smites you!
You die...

######### ##....###
#.......# #........
###.......####........
#..........)))....≈...
#.#.......####........
#.#.......# ###....≈≈
#### #.#......o#
....≈≈ ...#
#.#......o######......
##.#
#.#.......o@......≈...
#.#
#.############........
.#.# #.# ...... .#.#
#.# . .#.###.# #..)..#
#######


You could see an orc priest and an orc wizard (fast).

Vanquished Creatures
  2 worms (D:2)
  2 leopard geckos
  2 orcs (D:3)
  3 bats
  2 giant cockroaches (D:2)
  6 goblins
  7 hobgoblins
  5 jackals
  3 kobolds (D:1)
  2 quokkas
  A ball python (D:3)
  4 frilled lizards (D:1)
  4 rats
43 creatures vanquished.

Notes
Turn   | Place    | Note
-------+----------+-------------------------------------------
     0 | D:1      | Kerr0r the Hill Orc Berserker began the quest for the Orb.
     0 | D:1      | Reached XP level 1. HP: 19/19 MP: 1/1
   322 | D:1      | Reached XP level 2. HP: 25/27 MP: 2/2
   988 | D:2      | Reached XP level 3. HP: 33/33 MP: 3/3
   998 | D:2      | Reached ** piety under Trog
  2250 | D:3      | Reached XP level 4. HP: 40/40 MP: 4/4
  2276 | D:3      | Killed from afar by an orc priest

Illustrated notes

Levels and vault maps discovered:
D:1:      nzn_arrival_crosshair, layout_rooms
D:2:      layout_loops_corners
D:3:      layout_basic, skrybe_limestone_x

Skill      XL: |  1  2  3 |
---------------+----------+-----
Fighting       | 4 |  4.2
Dodging        | 2 |  2.1
Armour         | 3 |  3.0
Axes           | |  4.7

Action                   |  1- 3 |  4- 6 || total
-------------------------+-------+-------++-------
Melee: Hand axe          |   145 |    11 ||   156
Invok: Berserk           |     6 |       ||     6
       Trog's Hand       |       |     1 ||     1
  Eat: Chunk             |     9 |       ||     9
Armor: Animal skin       |     9 |       ||     9
       Chain mail        |    32 |    10 ||    42
Dodge: Dodged            |    76 |    12 ||    88
